 Dungeon Crawl Stone Soup version 0.31-a0-692-gf03d1854d5 (webtiles) character file.

Game seed: 9225362801920211829

37 Bnni the Shield-Bearer (level 3, -1/29 HPs)
             Began as a Formicid Fighter on Sept 7, 2023.
             Slain by an adder (3 damage)
             ... on level 1 of the Dungeon.
             The game lasted 00:01:21 (885 turns).

Bnni the Shield-Bearer (Formicid Fighter)            Turns: 885, Time: 00:01:22

Health: -1/29      AC:  6    Str: 22    XL:     3   Next: 60%
Magic:  3/3        EV:  9    Int:  7    God:
Gold:   123        SH:  5    Dex: 13    Spells: 2/2 levels left

rFire   . . .        a - +0 trident
rCold   . . .        c - +0 buckler
rNeg    . . .        b - +0 scale mail
rPois   .            (helmet unavailable)
rElec   .            (no cloak)
rCorr   .            (no gloves)
SInv    +            (no boots)
Will    .....        o - amulet of the acrobat Stlth
                     (no ring)
HPRegen 0.24/turn    (no ring)
MPRegen 0.08/turn

%: acrobat
@: brilliant, lethally poisoned (-1 -> -7)
A: permanent stasis, dig shafts and tunnels, antennae 3, four strong arms
a: Dig, Shaft Self


You were on level 1 of the Dungeon.
You visited 1 branch of the dungeon, and saw 2 of its levels.

You collected 123 gold pieces.

Inventory:

Hand Weapons
 a - a +0 trident (weapon)
Missiles
 l - 3 boomerangs
 n - 2 javelins
Armour
 b - a +0 scale mail (worn)
 c - a +0 buckler (worn)
Magical Staves
 e - a staff of earth
Jewellery
 o - an amulet of the acrobat (around neck)
Scrolls
 f - a scroll of vulnerability {unknown}
 h - 3 scrolls of noise {unknown}
 k - a scroll of acquirement {unknown}
Potions
 d - a potion of might
 g - 2 potions of brilliance
 i - a potion of haste {unknown}
 j - a potion of curing {unknown}
 m - a potion of cancellation {unknown}


   Skills:
 + Level 3.6 Fighting
 * Level 2.8 Polearms
 - Level 3.2 Armour
 * Level 4.8 Shields


You had 2 spell levels left.
You didn't know any spells.
Your spell library contained the following spells:

 Spells                   Type           Power      Damage    Failure   Level
 Summon Guardian Golem    Hex/Summ       0%         N/A       99%         3
 Orb of Destruction       Conj           0%         9d5       100%        7
 Spellforged Servitor     Conj/Summ      0%         N/A       100%        7


Dungeon Overview and Level Annotations

Branches:
Dungeon (2/15)

Altars:


Innate Abilities, Weirdness & Mutations

You cannot be hasted, slowed, berserked, paralysed or teleported.
You can dig through walls and to a lower floor.
You have a pair of large antennae on your head. (SInv)
Your four strong arms can wield two-handed weapons with a shield.


Message History

There is a stone staircase leading down here.
You feel sick.
You closely miss the adder.
You feel sick. The adder bites you but does no damage.
You closely miss the adder.
You feel sick. The adder bites you but does no damage. The adder bites you.
You are too injured to fight recklessly!
You are too injured to fight recklessly!
You miss the adder.
You feel sick. The adder barely misses you.
You closely miss the adder.
You feel sick. The adder barely misses you. x2
You miss the adder.
You feel sick. The adder bites you. x2
You hit the adder.
The adder is moderately wounded.
You feel sick.
You are no longer poisoned.
The adder bites you but does no damage.
You miss the adder.
The adder is moderately wounded.
You block the adder's attack. The adder barely misses you.
You barely miss the adder.
The adder is moderately wounded.
The adder bites you but does no damage.
You miss the adder.
The adder is moderately wounded.
You block the adder's attack. The adder bites you.
* * * LOW HITPOINT WARNING * * *
You are poisoned.
The adder poisons you!
You puncture the adder!
The adder is almost dead.
* * * LOW HITPOINT WARNING * * *
You feel sick. The adder bites you.
* * * LOW HITPOINT WARNING * * *
You are lethally poisoned!
The adder poisons you!
It was a potion of brilliance.
You feel clever all of a sudden.
* * * LOW HITPOINT WARNING * * *
You feel sick. The adder bites you.
You die...

#..........##.######
#.#####.##.......... #.#
#.#####.#####. #.# #.#####.# #.
######## #.# #.......# #.
.......# #.# #######.# #.
######.# #.# #..##.#####.
######.#######.#######.........).
#....†........SS@......###.......
#.###########..######### #######.
#.# #..# ##. ..#### #.## #####
#.. .....# #.# #...# #.#
8#8..#### #.#######...#### #.#
#.#.....#####..............# #.#
.#8.###.##.................# #.#
....# #.#...#.###..........# #.#


You could see 2 adders.

Vanquished Creatures
  A dart slug (D:1)
  3 ball pythons (D:1)
  4 endoplasms (D:1)
  2 giant cockroaches (D:1)
  2 goblins (D:1)
  3 hobgoblins (D:1)
  3 jackals (D:1)
  4 kobolds (D:1)
  2 quokkas (D:1)
  4 bats (D:1)
28 creatures vanquished.

Notes
Turn   | Place    | Note
-------+----------+-------------------------------------------
     0 | D:1      | Bnni the Formicid Fighter began the quest for the Orb.
     0 | D:1      | Reached XP level 1. HP: 18/18 MP: 1/1
   153 | D:1      | Reached XP level 2. HP: 24/24 MP: 2/2
   393 | D:1      | Reached XP level 3. HP: 29/29 MP: 3/3
   885 | D:1      | Slain by an adder

Illustrated notes

Levels and vault maps discovered:
D:1:      lemuel_arrival_behind_the_door_small, layout_loops_ring,
          minmay_statues_item
D:2:      layout_rooms, serial_bayou_lagoon_b, uniq_jessica,
          uniq_crazy_yiuf_cottage

Action                     || total
---------------------------++-------
  Melee: Trident           ||    99
Ability: Dig               ||     2
    Use: Potion            ||     1
 Armour: Scale mail        ||    52
  Dodge: Dodged            ||    32
  Block: Buckler           ||    23

Table legend: (Time is in decaauts)
 A = Elapsed time spent in this place.
 B = Non-inter-level travel time spent in this place.
 C = Inter-level travel time spent in this place.
 D = Time resting spent in this place.
 E = Time spent auto-exploring this place.
 F = Levels seen in this place.
 G = Mean time per level.
                   A        B        C        D        E       F      G
               +--------+--------+--------+--------+--------+-----+--------+
         Total |    905 |    876 |     29 |      0 |    645 |   2 |  452.5 |
       Dungeon |    905 |    876 |     29 |      0 |    645 |   2 |  452.5 |
               +--------+--------+--------+--------+--------+-----+--------+

Top non-repeatable levels by time:
     D:1: 900 daAuts
     D:2: 4 daAuts
